 Dungeon Crawl Stone Soup version 0.27-a0-906-g0a00ce863d (webtiles) character file.

Game seed: 5987253567201989783

8 Alarkh the Insei (level 2, 22/22 HPs)
             Began as a Demonspawn Gladiator on Apr 6, 2021.
             Got out of the dungeon alive.
             The game lasted 00:00:45 (536 turns).

Alarkh the Insei (Demonspawn Gladiator)              Turns: 536, Time: 00:00:45

Health: 22/22      AC:  4    Str: 14    XL:     2   Next: 0%
Magic:  2/2        EV: 12    Int: 11    God:
Gold:   27         SH:  0    Dex: 14    Spells: 1/1 levels left

rFire    . . .     SeeInvis .     - Unarmed
rCold    . . .     Faith    .   (no shield)
rNeg     . . .     Spirit   .   a - +0 leather armour
rPois    .         Reflect  .   b - +0 helmet
rElec    .         Harm     .   (no cloak)
rCorr    .         Rampage  .   (no gloves)
Will     .....                  (no boots)
Stlth    +.........             (no amulet)
HPRegen  0.07/turn              (no ring)
MPRegen  0.08/turn              (no ring)

@: no status effects
A: big brain 1
a: no special abilities


You escaped.
You visited 1 branch of the dungeon, and saw 2 of its levels.

You collected 27 gold pieces.

Inventory:

Missiles
 c - 3 throwing nets (quivered)
 f - 14 poisoned darts
Armour
 a - a +0 leather armour (worn)
 b - a +0 helmet (worn)
Scrolls
 d - a scroll of amnesia {unknown}
 e - a scroll of identify {unknown}


   Skills:
 + Level 2.2 Fighting
 - Level 1.7 Throwing
 - Level 2.6 Dodging
 * Level 3.1 Unarmed Combat


You had one spell level left.
You didn't know any spells.
Your spell library was empty.

Dungeon Overview and Level Annotations

Branches:
Dungeon (2/15)

Altars:


Innate Abilities, Weirdness & Mutations

You have an unusually large brain. (Int +2)


Message History

You barely miss the kobold.
The kobold is moderately wounded.
The kobold barely misses you.
You hit the kobold.
You kill the kobold!
c - 3 throwing nets (gained 1)
Things that are here:
a +2 whip of distortion; a stone You fall into a shaft and drop 1 floor!
The shaft crumbles and collapses.
A frilled lizard comes into view.
The frilled lizard hisses angrily.
An endoplasm comes into view.
There are monsters nearby!
The endoplasm quivers.
The endoplasm moves out of view.
Found a stone staircase leading up.
The frilled lizard closely misses you.
There is a stone staircase leading up here.
A frilled lizard is nearby!
The frilled lizard misses you.
You barely miss the frilled lizard. The frilled lizard barely misses you.
You closely miss the frilled lizard.
The frilled lizard completely misses you.
You hit the frilled lizard.
You kill the frilled lizard!
You have reached level 2!
Your demonic ancestry asserts itself...
Your brain expands.
You can't go up here!
There is a stone staircase leading up here.
You climb upwards.
There is a stone staircase leading down here.
HP restored.
You now have 27 gold pieces (gained 8).
Found 23 stones.
Found a dagger.
Found a faded altar of an unknown god.
There is a staircase leading out of the dungeon here.
Are you sure you want to leave the Dungeon?
This will make you lose the game!
You have escaped!

#######
#.....####
##...#..#.####
##....#.......###
#....###......#.#
##....#
#(......##
#....##
#......@.# #..#.#
#........#
#.##.##
##.......#
####..##
##...#..# #....#
#.....#.# #..#.#
##....##.###
#..#.# ##....
##.#### ###.#.##
#....# ##...#
##...#.## #.##)#


There were no monsters in sight!

Vanquished Creatures
  A dart slug (D:1)
  An endoplasm (D:1)
  A goblin (D:1)
  2 frilled lizards
  A kobold (D:1)
  A rat (D:1)
7 creatures vanquished.

Notes
Turn   | Place    | Note
-------+----------+-------------------------------------------
     0 | D:1      | Alarkh the Demonspawn Gladiator began the quest for the
                  | Orb.
     0 | D:1      | Reached XP level 1. HP: 16/16 MP: 1/1
   170 | D:1      | Reached skill level 3 in Unarmed Combat
   367 | D:1      | You fall into a shaft and drop 1 floor!
   383 | D:2      | Gained mutation: You have an unusually large brain. (Int
                  | +2) [demonic ancestry]
   383 | D:2      | Reached XP level 2. HP: 20/22 MP: 2/2
   461 | D:1      | Found a faded altar of an unknown god.
   536 | D:$      | Got out of the dungeon alive.

Illustrated notes

Levels and vault maps discovered:
D:1:      dpeg_arrival_arbitrary_a, layout_loops_ring,
          ebering_ecumenical_altar_sacrificial, serial_glass, glass_columns_b,
          glass_columns_b, glass_columns_a, glass_columns_b
D:2:      cheibrodos_pilgrimage, layout_rooms, basic_altar

Skill      XL: |  1 |
---------------+----+-----
Unarmed Combat | 3 |  3.1
Fighting       | |  2.2
Throwing       | |  1.7
Dodging        | |  2.6

Action                   || total
-------------------------++-------
Melee: Unarmed           ||    26
Throw: Throwing net      ||     1
Armor: Leather armour    ||     3
Dodge: Dodged            ||    19

Table legend: (Time is in decaauts)
 A = Elapsed time spent in this place.
 B = Non-inter-level travel time spent in this place.
 C = Inter-level travel time spent in this place.
 D = Time resting spent in this place.
 E = Time spent auto-exploring this place.
 F = Levels seen in this place.
 G = Mean time per level.
                   A        B        C        D        E       F      G
               +--------+--------+--------+--------+--------+-----+--------+
         Total |    535 |    462 |     73 |      0 |    319 |   2 |  267.5 |
       Dungeon |    535 |    462 |     73 |      0 |    319 |   2 |  267.5 |
               +--------+--------+--------+--------+--------+-----+--------+

Top non-repeatable levels by time:
     D:1: 517 daAuts
     D:2: 17 daAuts
